cohdb
Replays
Latest Replays
All Replays
Popular Replays
Top Player Replays
Match Explorer
How It Works
Community
CoH3 Stats
Reddit
Sign in to upload your games and track your stats! →
Sign in with Steam
Match 44832903
Unlisted
Match 44832903
Overview
Messages
Build Orders
End
Construct Barracks
Selects Advanced Infantry Battlegroup
Riflemen Squad
Riflemen Squad
Riflemen Squad
Grenade Package
Selects Convert to Ranger Squad
Construct Weapon Support Center
Bazooka Squad
M1919 Machine Gun Team
Selects Frontline Medical Station
Riflemen Squad
Infantry Support Center
Frontline Medical Station
Construct Tank Depot
Selects Infantry Assault
Selects Ammunition Storage
M1918 Browning Automatic Rifles
Infantry Assault
M4A1 Sherman Medium Tank
Selects M2A1 105mm Howitzer Emplacement
Engineer Squad
Infantry Assault
Survival Training
Advanced Logistics
Selects 155mm Rapid Artillery Barrage
1Div MED
GEST1120
Luzinit24
kc
KRIMZ
Torus
Team saupiquet
ARC
0
0
Comments
sign in to comment!
No comments posted yet!